groovejumper, chaotic female elven Wizard ----- |..<+ --------- ------ #|...|# %........|####.....| #..{.-######|.......|# |<...| ###-----# |...#....####|....| # # # ---------# ------ ########################### # # # ------### # |....[# # |....|# # +....|# # |....+# #### ------ #------- #|....f| #.....&. #|...@.| ------- groovejumper the Thaumaturge Experience level: 9 Strength: 11 Dexterity: 15 Constitution: 16 Intelligence: 18 Wisdom: 5 Charisma: 10 Health: 50(70) Energy: 45(84) AC: 4 Gold: 5396 Moves: 8112 Your Inventory: Coins $ - 5396 gold pieces Weapons r - 5 blessed [+0] darts E - a blessed fireproof [+1] quarterstaff of frost K - the [uncursed] rustproof +0 Magicbane (weapon in hand) Armor b - an uncursed thoroughly rotted +0 cloak of magic resistance (being worn) j - an [uncursed] +1 pair of old gloves [leather] (being worn) N - a cursed +0 elven leather helm (being worn) P - an uncursed -2 pair of levitation boots Q - a [blessed] +1 pair of jumping boots (being worn) Comestibles f - an [uncursed] lizard corpse z - 3 [cursed] food rations R - a [cursed] lembas wafer Scrolls a - a [cursed] scroll labeled ELAM EBOW [of earth] h - an [uncursed] scroll labeled ELAM EBOW [of earth] i - 2 uncursed scrolls of magic mapping l - an [uncursed] scroll labeled LOREN IPSUM [of confuse monster] m - 2 [cursed] scrolls labeled LOREN IPSUM [of confuse monster] n - an [uncursed] scroll labeled HACKEM MUCHE [of identify] o - a [blessed] scroll labeled LOREN IPSUM [of confuse monster] p - a [cursed] scroll labeled YUM YUM [of create monster] s - a [cursed] scroll labeled ZLORFIK [of gold detection] t - an [uncursed] scroll of enchant armor u - 2 [cursed] scrolls of magic mapping v - 2 [cursed] scrolls of teleportation w - 3 [cursed] unlabeled scrolls [of blank paper] y - an [uncursed] scroll of teleportation V - an [uncursed] scroll labeled YUM YUM [of create monster] W - an [uncursed] scroll labeled THARR [of destroy armor] Z - a [cursed] scroll called remove curse [of remove curse] Spellbooks k - a blessed spellbook of force bolt x - a [cursed] light brown spellbook [of remove curse] C - a [cursed] vellum spellbook [of create monster] Potions q - 2 cursed emerald potions [of levitation] A - an [uncursed] squishy potion [of gain energy] B - a potion of holy water U - an [uncursed] potion of water Rings d - an uncursed +2 ring of gain intelligence e - an uncursed +3 ring of gain constitution D - a [cursed +2] pearl ring [of gain strength] F - an [uncursed] ridged ring [of free action] G - a [cursed] wooden ring [of slow digestion] O - a [cursed] topaz ring [of polymorph control] Wands c - an uncursed wand of fire (0:6) I - a [cursed] bamboo wand [of striking (0:1)] J - an [uncursed] bamboo wand [of striking (0:5)] S - a [cursed] bamboo wand [of striking (0:4)] T - a [cursed] black wand [of create monster (0:15)] X - a [cursed] black wand [of create monster (0:14)] Y - an [uncursed] octagonal wand [of magic missile (0:8)] Tools g - a [blessed oil] lamp L - a [cursed] blindfold M - an [uncursed] key [skeleton key] Spells known in the end: Name Level Category Fail Memory a - force bolt 1 attack 0% [|||||...] b - knock 1 matter 0% [|||||...] c - cure sickness 3 healing 70% [||||||||] d - light 1 divination 0% [||||||||] Your skills at the end: Fighting Skills Weapon Skills quarterstaff [Basic / Expert] Spellcasting Skills attack spells [Skilled / Expert] enchantment spells [Basic / Skilled] Final Attributes: You were piously aligned. Hunger level was 2008. Your alignment was 50 / 50. Monster difficulty range was 1 - 8. Level difficulty was 8. You resisted cold. You were immune to sleep. You resisted poison. You were magic-protected. You saw invisible. You were telepathic. You had infravision. You could jump. Your luck was zero. You are dead. Vanquished creatures: 2 ghosts a winter wolf a tiger a tengu a human mummy a wraith a quivering blob a cockatrice a wolf 2 leprechauns an orc-captain an iron piercer a giant spider a horse an ice vortex 2 vampire bats 4 brown puddings a yeti 2 werewolves 3 lizards 3 chickatrices 2 blue jellies 2 soldier ants a rock piercer an enormous rat a pony a yellow light a shrieker a kobold mummy 2 gray oozes 3 giant ants 3 floating eyes a kitten a dwarf 6 rothes a rabid rat a wererat a werejackal 2 iguanas 4 killer bees 3 acid blobs a coyote 3 manes 3 giant rats a yellow mold 8 Keystone Kops 3 garter snakes 11 geckos 2 foxes 3 kobolds a goblin 2 sewer rats 12 grid bugs 4 lichens 2 kobold zombies 10 newts 136 creatures vanquished. Voluntary challenges: You used a wielded weapon 134 times. You read items or engraved 16 times. You put on armor 16 times. You never genocided any monsters. You never polymorphed an object. You never changed form. You used no wishes. You wrote Elbereth's name 11 times. You encountered 2 bones levels. You never used any Sokoban shortcuts. Dungeon overview: The Dungeons of Doom: levels 1 to 8 Level 1 a long staircase Level 2 an altar to Anhur, a fountain Level 3 an altar to Anhur Level 4 an armor shop, a fountain a long staircase Level 6 a fountain Level 8 many fountains Level 8 <- You were here a fountain, a sink a long staircase History has recorded: On T:1 you entered the Dungeons of Doom to retrieve the Amulet of Yendor! On T:521 you advanced to experience level 2. On T:689 you reached level 2 of The Dungeons of Doom. On T:796 you advanced to experience level 3. On T:1104 you advanced to experience level 4. On T:1134 you reached level 3 of The Dungeons of Doom. On T:1411 you advanced to experience level 5. On T:2091 you received a fireproof quarterstaff of frost from Anhur. On T:2627 you reached level 4 of The Dungeons of Doom. On T:3336 you advanced to experience level 6. On T:3467 you received Magicbane from Anhur. On T:4216 you reached level 5 of The Dungeons of Doom. On T:4435 you advanced to experience level 7. On T:4983 you reached level 6 of The Dungeons of Doom. On T:5445 you advanced to experience level 8. On T:6346 you reached level 7 of The Dungeons of Doom. On T:6477 you received advice from The Oracle. On T:6484 you advanced to experience level 9. On T:7878 you reached level 8 of The Dungeons of Doom. Latest messages: Done. [HP+1=53] You hit the lizard. The lizard bites! [HP-5=48] You aren't sure you're doing this the right way... The magic-absorbing blade scares the lizard! The lizard turns to flee! The djinni hits the lizard. The lizard is killed! You see here a lizard corpse. Your knapsack cannot accommodate any more items. You see here a food ration. [HP+1=49] The djinni picks up a lizard corpse. You're having a hard time getting all of it down. [HP+1=50] You choke over your food. You die... Final status: Goodbye groovejumper the Wizard... You choked in The Dungeons of Doom on dungeon level 8 with 16752 points, and 5396 pieces of gold, after 8112 moves. You were level 9 with a maximum of 70 hit points when you choked.